 Dungeon Crawl Stone Soup version 0.26.1-11-gd32895ea62 (webtiles) character file.

Game seed: 7780649935379675321

4489 jlumianski the Magician (level 10, -4/79 HPs)
             Began as a Gnoll Warper on July 19, 2021.
             Was a Believer of Qazlal.
             Slain by a skeletal warrior
             ... wielding a +0 halberd
             ... led by a skeletal warrior
              (15 damage)
             ... on level 10 of the Dungeon.
             The game lasted 00:38:45 (10528 turns).

jlumianski the Magician (Gnoll Warper)             Turns: 10528, Time: 00:38:45

Health: -4/79      AC: 14    Str: 16    XL:     10   Next: 38%
Magic:  21/21      EV: 15    Int: 19    God:    Qazlal [**....]
Gold:   435        SH:  3    Dex: 14    Spells: 15/23 levels left

rFire    + + .     SeeInvis .   E - +11 falchion "Cykalen" {flame, rElec rC+ Stlth+}
rCold    + . .     Faith    .   (no shield)
rNeg     . . .     Spirit   .   O - +1 ring mail {rF+}
rPois    .         Reflect  .   (no helmet)
rElec    +         Harm     .   (no cloak)
rCorr    .         Rampage  .   l - +2 pair of gloves
Will     .....                  (no boots)
Stlth    ++........             g - amulet of magic regeneration
HPRegen  0.23/turn              y - ring of protection from fire
MPRegen  0.42/turn              X - +4 ring of protection

@: no status effects
A: distributed training, fangs 1, hooves 1, strong 1, strong nose
a: Renounce Religion, Upheaval


You were on level 10 of the Dungeon.
You worshipped Qazlal.
Qazlal was pleased with you.
You visited 2 branches of the dungeon, and saw 11 of its levels.
You also visited: Sewer.

You collected 545 gold pieces.
You spent 110 gold pieces at shops.

Inventory:

Hand Weapons
 a - a +0 hand axe
 n - a cursed -2 hand axe
 A - a +2 war axe of freezing
 D - a +1 dagger of speed
 E - the +11 falchion "Cykalen" (weapon) {flame, rElec rC+ Stlth+}
   (You found it on level 4 of the Dungeon)

   It has been specially enchanted to burn those struck by it, causing extra
   injury to most foes and up to half again as much damage against particularly
   susceptible opponents.
   Big, fiery blades are also staple armaments of hydra-hunters.
   It protects you from cold.
   It insulates you from electricity.
   It makes you more stealthy.
 G - a +2 spear of distortion
 L - a +0 shortbow
 R - a +3 battleaxe
 T - a +1 hunting sling of freezing
 U - a +1 war axe of electrocution
Missiles
 c - 310 stones
 e - 5 boomerangs of dispersal
 f - 132 sling bullets
 q - 52 poisoned darts (quivered)
 C - 162 bolts
 F - 8 javelins
 H - 90 arrows
 N - 2 atropa-tipped darts
 P - 7 curare-tipped darts
Armour
 b - a +0 leather armour
 j - a +0 ring mail
 l - a +2 pair of gloves (worn)
 O - a +1 ring mail of fire resistance (worn)
Magical Staves
 S - an uncursed staff of fire
Jewellery
 g - an amulet of magic regeneration (around neck)
 t - a cursed -4 ring of slaying
 y - a ring of protection from fire (left hand)
 X - a +4 ring of protection (right hand)
Wands
 p - a wand of acid (9)
 V - a wand of disintegration (16)
Scrolls
 d - 2 scrolls of blinking
 i - 9 scrolls of identify
 k - 4 scrolls of teleportation
 r - 3 scrolls of remove curse
 x - 2 scrolls of noise
 I - a scroll of fear {unknown}
 J - a scroll of magic mapping {unknown}
 K - a scroll of amnesia
 M - a scroll of holy word {unknown}
 Q - a scroll of immolation {unknown}
 Y - a scroll of enchant weapon {unknown}
Potions
 h - 3 potions of degeneration
 m - 2 potions of lignification
 o - 4 potions of brilliance
 s - 4 potions of curing
 u - a potion of haste {unknown}
 v - 5 potions of magic
 w - 3 potions of might
 z - 3 potions of invisibility
 B - a potion of ambrosia
 W - a potion of heal wounds {unknown}


   Skills:
 + Level 7.0 Fighting
 + Level 5.2 Short Blades
 + Level 5.2 Long Blades
 + Level 7.0 Axes
 + Level 5.2 Maces & Flails
 + Level 5.2 Polearms
 + Level 5.2 Staves
 + Level 5.2 Slings
 + Level 5.2 Bows
 + Level 5.2 Crossbows
 + Level 5.9 Throwing
 + Level 5.9 Armour
 + Level 7.0 Dodging
 + Level 5.2 Stealth
 + Level 5.2 Shields
 + Level 5.2 Unarmed Combat
 + Level 7.3 Spellcasting
 + Level 4.3 Conjurations
 + Level 4.3 Hexes
 + Level 4.3 Summonings
 + Level 4.3 Necromancy
 + Level 7.0 Translocations
 + Level 4.3 Transmutations
 + Level 4.3 Fire Magic
 + Level 4.3 Ice Magic
 + Level 4.3 Air Magic
 + Level 4.3 Earth Magic
 + Level 4.3 Poison Magic
 + Level 5.7 Invocations
 + Level 5.2 Evocations


You had 15 spell levels left.
You knew the following spells:

 Your Spells              Type           Power        Failure   Level
a - Blink                 Tloc           N/A          1%          2
b - Gell's Gravitas       Tloc           16%          2%          3
c - Confusing Touch       Hex            23%          9%          3

Your spell library contained the following spells:

 Spells                   Type           Power        Failure   Level
 Corona                   Hex            25%          2%          1
 Lesser Beckoning         Tloc           16%          2%          3
 Teleport Other           Tloc           33%          2%          3
 Ensorcelled Hibernation  Hex/Ice        46%          4%          2
 Dazzling Flash           Conj/Hex       46%          9%          3
 Tukima's Dance           Hex            23%          9%          3
 Passage of Golubria      Tloc           N/A          9%          4


Dungeon Overview and Level Annotations

Branches:
Dungeon (10/15)            Temple (1/1) D:4           Sewer (visited)
   Lair: D:8-11         Orc: D:9-12

Altars:
Ashenzari
Cheibriados
Dithmenos
Elyvilon
Fedhas
Gozag
Kikubaaqudgha
Makhleb
Qazlal
Ru
Trog
Vehumet
Wu Jian
Xom
Yredelemnul
Zin

Shops:
D:6 !

Annotations:
D:3 Menkaure
D:9 2 transporters, exclusion: ice statue, vvl's ghost, novice OpFi


Innate Abilities, Weirdness & Mutations

Your experience applies equally to all skills.
You have very sharp teeth.
Your uncanny sense of smell can sniff out nearby items.
You have large cloven feet.
Your muscles are strong. (Str +2)


Message History

You hit the skeletal warrior but do no damage.
Your kick misses the skeletal warrior.
The skeletal warrior hits you with a +0 long sword.
The skeletal warrior hits you from afar with a +0 halberd!!
Casting: Confusing Touch (dangerous; 9% risk of failure)
Confirm with . or Enter, or press ? or * to list all spells.
You blink.
You hear a bellow!
A yak comes into view.
You hear a bellow!
You hear two shouts!
Your hands stop glowing.
The skeletal warrior is engulfed in freezing vapours.
The skeletal warrior hits you with a +0 dire flail!
* * * LOW HITPOINT WARNING * * *
There is a stone staircase leading up, spattered with blood here.
The skeletal warrior hits you with a +0 flail!
* * * LOW HITPOINT WARNING * * *
You block the skeletal warrior's attack.
The skeletal warrior hits you from afar with a +0 halberd!
You die...

#..............##
#.##...........######.
#...................
#............###...#
#...................
#...........#####..#
###.z....#....##..
.....#..#z.......... ∆
#######.##@....####.
........zz..####
#####.......#
#...........
###...#.#### ###.#.#
..... ...... ........


You could see 3 skeletal warriors.

Vanquished Creatures
  Pikel (D:7)
  A gargoyle (D:9)
  A water moccasin (D:9)
  A sky beast (D:7)
  4 ice beasts
  3 orc warriors
  3 black bears
  3 ogres (D:9)
  2 phantoms
  2 centaurs
  6 big kobolds
  A bullfrog (D:9)
  A gnoll sergeant (D:5)
  A wyvern skeleton (D:6)
  A scorpion (D:4)
  7 wights (D:9)
  2 howler monkeys
  A bullfrog zombie (D:9)
  3 centaur zombies
  5 hounds
  A centaur skeleton (D:9)
  3 orc priests
  A jelly (D:7)
  2 orc wizards
  A bullfrog skeleton (D:5)
  2 worker ants
  Ijyb (D:5)
  An iguana (D:7)
  A mummy (D:4)
  A howler monkey skeleton (D:7)
  10 adders
  6 gnolls
  A river rat (D:5)
  A shadow imp (D:8)
  A white imp (D:3)
  4 oozes
  3 worms
  2 dart slugs
  5 leopard geckos
  28 orcs
  4 ball pythons
  9 giant cockroaches
  11 goblins
  12 hobgoblins
  9 jackals
  37 kobolds
  2 quokkas
  6 bats
  3 frilled lizards
  2 hobgoblin zombies (D:4)
  2 kobold zombies (D:4)
  11 rats
232 creatures vanquished.

Notes
Turn   | Place    | Note
-------+----------+-------------------------------------------
     0 | D:1      | jlumianski the Gnoll Warper began the quest for the Orb.
     0 | D:1      | Reached XP level 1. HP: 20/20 MP: 6/6
    52 | D:1      | Reached XP level 2. HP: 19/26 MP: 7/7
   468 | D:1      | Reached XP level 3. HP: 31/31 MP: 9/9
   497 | D:1      | Reached skill level 5 in Spellcasting
   630 | D:1      | Learned a level 2 spell: Blink
   634 | D:1      | Learned a level 3 spell: Gell's Gravitas
  1048 | D:2      | Found a basalt altar of Yredelemnul.
  1147 | D:2      | Reached skill level 1 in Invocations
  1362 | D:2      | Reached skill level 1 in Short Blades
  1362 | D:2      | Reached skill level 1 in Long Blades
  1362 | D:2      | Reached skill level 1 in Maces & Flails
  1362 | D:2      | Reached skill level 1 in Polearms
  1362 | D:2      | Reached skill level 1 in Staves
  1362 | D:2      | Reached skill level 1 in Slings
  1362 | D:2      | Reached skill level 1 in Bows
  1362 | D:2      | Reached skill level 1 in Crossbows
  1362 | D:2      | Reached skill level 1 in Stealth
  1362 | D:2      | Reached skill level 1 in Shields
  1362 | D:2      | Reached skill level 1 in Unarmed Combat
  1362 | D:2      | Reached skill level 1 in Evocations
  1408 | D:2      | Reached XP level 4. HP: 35/38 MP: 11/11
  2167 | D:3      | Reached skill level 1 in Conjurations
  2167 | D:3      | Reached skill level 1 in Hexes
  2167 | D:3      | Reached skill level 1 in Summonings
  2167 | D:3      | Reached skill level 1 in Necromancy
  2167 | D:3      | Reached skill level 1 in Transmutations
  2167 | D:3      | Reached skill level 1 in Fire Magic
  2167 | D:3      | Reached skill level 1 in Ice Magic
  2167 | D:3      | Reached skill level 1 in Air Magic
  2167 | D:3      | Reached skill level 1 in Earth Magic
  2167 | D:3      | Reached skill level 1 in Poison Magic
  2794 | D:3      | Found a faded altar of an unknown god.
  2941 | D:4      | Noticed Menkaure
  3272 | D:4      | Reached XP level 5. HP: 43/43 MP: 12/12
  3838 | D:4      | Reached XP level 6. HP: 11/50 MP: 4/13
  3843 | D:4      | HP: 2/50 [orc priest/nerve-wracking pain (13)]
  4337 | D:4      | Reached skill level 5 in Fighting
  4337 | D:4      | Reached skill level 5 in Axes
  4337 | D:4      | Reached skill level 5 in Dodging
  4442 | D:4      | Got a smoking falchion
  4507 | D:4      | Identified the +11 falchion "Cykalen" {flame, rElec rC+
                  | Stlth+} (You found it on level 4 of the Dungeon)
  4610 | D:4      | Found a staircase to the Ecumenical Temple.
  4999 | D:5      | Entered Level 5 of the Dungeon
  5070 | D:5      | Noticed an ice beast
  5080 | D:5      | Killed an ice beast
  5081 | D:5      | Reached XP level 7. HP: 49/56 MP: 6/15
  5144 | Temple   | Entered the Ecumenical Temple
  5168 | Temple   | Became a worshipper of Qazlal Stormbringer
  5283 | D:5      | Found a broken altar of Ashenzari.
  5321 | D:5      | Noticed Ijyb
  5327 | D:5      | Killed Ijyb
  5681 | D:5      | Found a glowing drain.
  5696 | Sewer    | Entered a sewer
  5966 | Sewer    | Reached * piety under Qazlal
  6095 | Sewer    | Reached XP level 8. HP: 53/63 MP: 16/16
  6243 | Sewer    | Gained mutation: Your muscles are strong. (Str +2) [potion
                  | of mutation]
  6243 | Sewer    | Gained mutation: You have large cloven feet. [potion of
                  | mutation]
  6843 | D:6      | Found a radiant altar of Vehumet.
  7053 | D:6      | Found Deymuf's Distillery.
  7058 | D:6      | Bought a potion of curing for 30 gold pieces
  7058 | D:6      | Bought a potion of invisibility for 80 gold pieces
  7515 | D:7      | Reached XP level 9. HP: 52/69 MP: 18/18
  7607 | D:7      | Noticed Pikel
  7626 | D:7      | Killed Pikel
  7627 | D:7      | Reached skill level 5 in Throwing
  7627 | D:7      | Reached skill level 5 in Armour
  7891 | D:7      | Found a glowing silver altar of Zin.
  7891 | D:7      | Found a sacrificial altar of Ru.
  8408 | D:8      | Reached ** piety under Qazlal
  8718 | D:8      | Reached skill level 5 in Invocations
  9589 | D:9      | Reached XP level 10. HP: 77/77 MP: 20/20
  9659 | D:9      | Found a transporter.
  9665 | D:9      | Noticed an ice statue
  9674 | D:9      | Noticed vvl's ghost (novice OpFi)
  9862 | D:9      | Reached skill level 5 in Short Blades
  9862 | D:9      | Reached skill level 5 in Long Blades
  9862 | D:9      | Reached skill level 5 in Maces & Flails
  9862 | D:9      | Reached skill level 5 in Polearms
  9862 | D:9      | Reached skill level 5 in Staves
  9862 | D:9      | Reached skill level 5 in Slings
  9862 | D:9      | Reached skill level 5 in Bows
  9862 | D:9      | Reached skill level 5 in Crossbows
  9862 | D:9      | Reached skill level 5 in Stealth
  9862 | D:9      | Reached skill level 5 in Shields
  9862 | D:9      | Reached skill level 5 in Unarmed Combat
  9862 | D:9      | Reached skill level 5 in Evocations
 10300 | D:9      | Found a transporter.
 10436 | D:10     | Entered Level 10 of the Dungeon
 10436 | D:10     | Noticed a gargoyle
 10451 | D:9      | Killed a gargoyle
 10507 | D:10     | Noticed a skeletal warrior
 10511 | D:10     | Learned a level 3 spell: Confusing Touch
 10512 | D:10     | Noticed a skeletal warrior
 10512 | D:10     | Noticed a skeletal warrior
 10513 | D:10     | Noticed a skeletal warrior
 10514 | D:10     | Noticed a skeletal warrior
 10528 | D:10     | Slain by a skeletal warrior

Illustrated notes

Levels and vault maps discovered:
D:1:      nzn_arrival_settlement, layout_loops_ring
D:2:      layout_basic, yredelemnul_altar_generic
D:3:      layout_basic, chequers_ecumenical_altar_grove, minmay_misc_feat_roman
D:4:      corexii_shantytown, layout_basic, temple_doors_ab,
          minmay_mini_ossuary, uniq_menkaure
D:5:      layout_cave_pools, gup_sewer_entry_bubbles, ashenzari_altar_1,
          uniq_ijyb
D:6:      layout_cave_pods, nicolae_overflow_hidden_temple, serial_shops,
          shop_statue, lemuel_old_faithful
D:7:      layout_rooms, amethyst_overflow_temple_binary, uniq_pikel
D:8:      lemuel_upstairs_altar, layout_basic, roderic_lattice_a,
          kennysheep_generic_room_10
D:9:      layout_basic, nzn_ghost_randoct, hangedman_decor_lopped
D:10:     layout_rooms, erik_orc_1
Temple:   regret_index_temple_mists

Skill      XL: |  1  2  3  4  5  6  7  8  9 10 |
---------------+-------------------------------+-----
Spellcasting   | 5 6 7 |  7.3
Invocations    | 1 2 3 4 5 |  5.7
Short Blades   | 1 2 3 4 5 |  5.2
Long Blades    | 1 2 3 4 5 |  5.2
Maces & Flails | 1 2 3 4 5 |  5.2
Polearms       | 1 2 3 4 5 |  5.2
Staves         | 1 2 3 4 5 |  5.2
Slings         | 1 2 3 4 5 |  5.2
Bows           | 1 2 3 4 5 |  5.2
Crossbows      | 1 2 3 4 5 |  5.2
Stealth        | 1 2 3 4 5 |  5.2
Shields        | 1 2 3 4 5 |  5.2
Unarmed Combat | 1 2 3 4 5 |  5.2
Evocations     | 1 2 3 4 5 |  5.2
Conjurations   | 1 2 3 4 |  4.3
Hexes          | 1 2 3 4 |  4.3
Summonings     | 1 2 3 4 |  4.3
Necromancy     | 1 2 3 4 |  4.3
Transmutations | 1 2 3 4 |  4.3
Fire Magic     | 1 2 3 4 |  4.3
Ice Magic      | 1 2 3 4 |  4.3
Air Magic      | 1 2 3 4 |  4.3
Earth Magic    | 1 2 3 4 |  4.3
Poison Magic   | 1 2 3 4 |  4.3
Throwing       | 3 4 5 |  5.9
Armour         | 3 4 5 |  5.9
Fighting       | 5 6 7 |  7.0
Axes           | 5 6 7 |  7.0
Dodging        | 5 6 7 |  7.0
Translocations | 6 7 |  7.0

Action                   |  1- 3 |  4- 6 |  7- 9 | 10-12 || total
-------------------------+-------+-------+-------+-------++-------
Melee: Hand axe          |   122 |   126 |       |       ||   248
       Bite              |     8 |    22 |    18 |     6 ||    54
       War axe           |       |    52 |       |       ||    52
       Falchion          |       |    15 |   232 |    39 ||   286
       Kick              |       |       |    44 |    17 ||    61
       Punch             |       |       |     1 |     2 ||     3
Throw: Stone             |     7 |    11 |       |       ||    18
       Dart              |     6 |    18 |       |       ||    24
 Cast: Blink             |     1 |     7 |     1 |     1 ||    10
       Gell's Gravitas   |       |    11 |     8 |     8 ||    27
       Confusing Touch   |       |       |       |     1 ||     1
  Use: Scroll            |     1 |    12 |     1 |     1 ||    15
       Potion            |       |     1 |     9 |       ||    10
 Stab: Sleeping          |       |     1 |       |       ||     1
Armor: Leather armour    |     9 |       |       |       ||     9
       Ring mail         |    31 |    57 |   104 |    13 ||   205
Dodge: Dodged            |    98 |   153 |   162 |    31 ||   444
Block: Other             |       |       |     9 |     5 ||    14
       Rpst.: Falchion   |       |     5 |    39 |     6 ||    50
